 Dungeon Crawl Stone Soup version 0.25-a0-780-g622e69b31f (webtiles) character file.

Game seed: 9984095924173241139, levelgen mode: deterministic

32 Hasart the Chiller (level 3, -6/19 HPs)
             Began as a Deep Elf Ice Elementalist on Apr 14, 2020.
             Killed from afar by a goblin (9 damage)
             ... with a puff of flame
             ... on level 2 of the Dungeon.
             The game lasted 00:02:57 (973 turns).

Hasart the Chiller (Deep Elf Ice Elementalist)       Turns: 973, Time: 00:02:58

Health: -6/19      AC:  2    Str:  5    XL:     3   Next: 8%
Magic:  9/10       EV: 13    Int: 20    God:
Gold:   71         SH:  0    Dex: 15    Spells: 5/9 levels left

rFire    . . .     SeeInvis .   e - +3 mace
rCold    . . .     Gourm    .   (no shield)
rNeg     + . .     Faith    .   a - +0 robe
rPois    .         Spirit   .   (no helmet)
rElec    .         Reflect  .   (no cloak)
rCorr    .         Harm     .   (no gloves)
MR       .....                  (no boots)
Stlth    ++........             (no amulet)
HPRegen  0.06/turn              h - ring of positive energy
MPRegen  0.12/turn              (no ring)

@: no status effects
A: no striking features
a: no special abilities


You were on level 2 of the Dungeon.
You were not hungry.

You visited 1 branch of the dungeon, and saw 2 of its levels.

You collected 71 gold pieces.

Inventory:

Hand Weapons
 e - a +3 mace (weapon)
Missiles
 b - 8 poisoned darts (quivered)
Armour
 a - a +0 robe (worn)
Jewellery
 h - a ring of positive energy (left hand)
Scrolls
 d - a scroll of identify {unknown}
 f - a scroll of fear {unknown}
 i - a scroll of teleportation {unknown}
 k - 2 scrolls of remove curse {unknown}
 l - a scroll of amnesia {unknown}
Potions
 j - a potion of curing {unknown}
Comestibles
 c - 4 rations
 g - a chunk of flesh


   Skills:
 + Level 3.0 Dodging
 - Level 2.4 Stealth
 + Level 3.5 Spellcasting
 * Level 5.0 Ice Magic


You had 5 spell levels left.
You knew the following spells:

 Your Spells              Type           Power        Failure   Level  Hunger
a - Freeze                Ice            ###.         1%          1    None
b - Frozen Ramparts       Ice            ###...       4%          3    ###....

Your spell library contained the following spells:

 Spells                   Type           Power        Failure   Level  Hunger
 Ozocubu's Armour         Chrm/Ice       ##......     14%         3    ###....
 Hailstorm                Conj/Ice       ##......     43%         4    ####...
 Summon Ice Beast         Ice/Summ       ##......     43%         4    ####...


Dungeon Overview and Level Annotations

Branches:
Dungeon (2/15)

Altars:


Message History

A goblin comes into view.
It is wielding a +0 dagger and carrying a wand of flame (7).
Found 18 sling bullets.
A goblin is nearby!
A worm and a kobold come into view.
The goblin shouts!
The kobold shouts!
The goblin zaps a wand.
The puff of flame hits you.
The goblin zaps a wand.
The puff of flame misses you.
Some of the chunks of flesh in your inventory have rotted away.
Casting: Freeze (safe; 1% risk of failure)
Confirm with . or Enter, or press ? or * to list all spells.
Aiming: Freeze (safe; 1% risk of failure)
Press: ? - help, Shift-Dir - straight line, f - worm
Aim: a worm You freeze the worm.
The worm is lightly wounded.
The goblin hits you with a +0 dagger. The worm bites you.
The goblin zaps a wand.
The puff of flame hits you!
* * * LOW HITPOINT WARNING * * *
The goblin zaps a wand.
The puff of flame hits you!
You die...

#... .# # #..# .# #.
#..###.# . #.####
#......####
#.#....####.........
#.#....#............
##............#.#.#
...........###...##
#.......รท.##...@.#
#.......<.##.###.#####
##...........# #.....#
#.#...#.##..###g###.#
#.....#.##....Kw###.#.#
#.###.#.##.##.........#
#.# #.#.##.#####.(#.###
#.# #...##.### #..#
###.###......... ....


You could see a worm and a goblin.

Vanquished Creatures
  An adder (D:2)
  A worm (D:2)
  A dart slug (D:2)
  A leopard gecko (D:1)
  3 bats (D:1)
  A giant cockroach (D:1)
  3 goblins (D:1)
  2 hobgoblins (D:1)
  A frilled lizard (D:2)
  2 kobolds (D:1)
  3 rats (D:1)
19 creatures vanquished.

Notes
Turn   | Place    | Note
-------+----------+-------------------------------------------
     0 | D:1      | Hasart the Deep Elf Ice Elementalist began the quest for
                  | the Orb.
     0 | D:1      | Reached XP level 1. HP: 10/10 MP: 6/6
   332 | D:1      | Reached XP level 2. HP: 14/15 MP: 4/8
   721 | D:2      | Reached skill level 5 in Ice Magic
   739 | D:2      | Reached XP level 3. HP: 8/19 MP: 1/10
   744 | D:2      | Learned a level 3 spell: Frozen Ramparts
   973 | D:2      | Killed from afar by a goblin

Levels and vault maps discovered:
D:1:      ncdulo_smallfort, layout_basic, minmay_misc_feat_x,
          minmay_crystal_water, minmay_cut_off
D:2:      layout_loops_ring, grunt_qazlal_clouds

Skill      XL: |  1  2 |
---------------+-------+-----
Dodging        | 3 |  3.0
Ice Magic      | 5 |  5.0
Stealth        | |  2.4
Spellcasting   | |  3.5

Action                   || total
-------------------------++-------
Melee: Mace              ||     5
 Cast: Freeze            ||    28
Armor: Robe              ||     5
Dodge: Dodged            ||    19

Table legend:
 A = Non-vault XP
 B = Vault XP
 C = Vault XP percentage of total XP
 D = Non-vault monster count
 E = Vault monster count
 F = Vault count percentage of total count
                 A         B        C        D         E       F
            +---------+---------+-------+---------+---------+-------
      Total |      45 |       1 |   2.2 |      18 |       1 |   5.3
            +---------+---------+-------+---------+---------+-------
        D:1 |      22 |       1 |   4.3 |      14 |       1 |   6.7
        D:2 |      23 |       0 |   0.0 |       4 |       0 |   0.0
            +---------+---------+-------+---------+---------+-------
